 Dungeon Crawl Stone Soup version 0.30-a0-632-g346586fe48 (webtiles) character file.

Game seed: 16840064370468646181

3079 Leeroy the Carver (level 9, -3/43 HPs)
             Began as a Tengu Warper on Jan 13, 2023.
             Was an Initiate of Hepliaklqana.
             Slain by an orc warrior
             ... wielding a +0 glaive
              (6 damage)
             ... on level 7 of the Dungeon.
             The game lasted 00:18:16 (7820 turns).

Leeroy the Carver (Tengu Warper)                    Turns: 7820, Time: 00:18:17

Health: -3/43      AC:  8    Str: 15      XL:     9   Next: 89%
Magic:  9/13       EV: 14    Int: 17 (19) God:    Hepliaklqana [......]
Gold:   398        SH:  0    Dex: 15 (18) Spells: 4/12 levels left

rFire   . . .      SeeInvis .    F - +0 scimitar
rCold   . . .      Faith    .    (no shield)
rNeg    + . .      Spirit   .    b - +0 leather armour
rPois   .          Reflect  .    (helmet restricted)
rElec   .          Harm     .    (no cloak)
rCorr   .          Rampage  .    I - +2 pair of gloves "Cinnint" {+Blink Str+3}
Will    .....                    (boots unavailable)
Stlth   +                        (no amulet)
HPRegen 0.27/turn                l - ring of positive energy
MPRegen 0.13/turn                v - +6 ring of intelligence

@: flying quickly and evasively, quick
A: beak, talons 3, nimble flight, iridescent scales 1, deterioration 1, frail 1
a: Renounce Religion, Evoke Blink


You were on level 7 of the Dungeon.
You worshipped Hepliaklqana.
Hepliaklqana was noncommittal.
You visited 2 branches of the dungeon, and saw 11 of its levels.

You collected 398 gold pieces.

Inventory:

Hand Weapons
 a - a +0 rapier
 D - a +1 long sword of holy wrath
 E - a +3 spear
 F - a +0 scimitar (weapon)
Missiles
 d - 7 boomerangs of dispersal
 h - 9 boomerangs (quivered)
 p - 4 poisoned darts
Armour
 b - a +0 leather armour (worn)
 o - a +0 buckler
 I - the +2 pair of gloves "Cinnint" (worn) {+Blink Str+3}
   (You found it on level 4 of the Dungeon)

   Str:       It affects your strength (+3).
   +Blink:    It lets you blink.
Jewellery
 c - a ring of positive energy
 l - a ring of positive energy (left hand)
 u - a ring of protection from fire
 v - a +6 ring of intelligence (right hand)
 y - a +6 ring of strength
 G - a +6 ring of dexterity
Wands
 f - a wand of flame (6)
 A - a wand of acid (8)
 J - a wand of roots (7)
 K - a wand of digging (4)
Scrolls
 e - 3 scrolls of immolation
 m - a scroll of fog
 q - 2 scrolls of enchant weapon
 r - a scroll of poison
 t - a scroll of noise
 B - a scroll of teleportation
 C - a scroll of enchant armour
Potions
 i - a potion of brilliance {unknown}
 j - a potion of magic
 n - 3 potions of flight
 s - a potion of might {unknown}
 w - a potion of heal wounds
 z - a potion of invisibility {unknown}
Miscellaneous
 H - a phial of floods


   Skills:
 - Level 2.0 Fighting
 + Level 13.4 Long Blades
 - Level 1.0 Throwing
 - Level 1.1 Armour
 - Level 2.1 Dodging
 - Level 2.0 Spellcasting
 - Level 2.4 Translocations
 - Level 7.0 Air Magic


You had 4 spell levels left.
You knew the following spells:

 Your Spells              Type           Power      Damage    Failure   Level
a - Blink                 Tloc           18%        N/A       14%         2
b - Vhi's Electric Charg  Tloc/Air       34%        N/A       11%         3
c - Teleport Other        Tloc           9%         N/A       26%         3

Your spell library contained the following spells:

 Spells                   Type           Power      Damage    Failure   Level
 Poisonous Vapours        Pois/Air       26%        N/A       9%          2
 Cigotuvi's Dreadful Rot  Necr/Pois/Air  18%        N/A       14%         2
 Lesser Beckoning         Tloc           18%        N/A       26%         3
 Mephitic Cloud           Conj/Pois/Air  9%         N/A       26%         3
 Portal Projectile        Hex/Tloc       10%        N/A       41%         3
 Call Canine Familiar     Summ           1%         N/A       56%         3
 Manifold Assault         Tloc           9%         N/A       65%         4
 Leda's Liquefaction      Hex/Erth       0%         N/A       93%         4


Dungeon Overview and Level Annotations

Branches:
Dungeon (10/15)            Temple (1/1) D:7
   Lair: D:8-11         Orc: D:9-12

Altars:
Dithmenos
Elyvilon
Fedhas
Hepliaklqana
Kikubaaqudgha
Makhleb
Nemelex Xobeh
Okawaru
Qazlal
Ru
Sif Muna
Trog
Uskayaw
Yredelemnul
Zin

Annotations:
D:5 3 runed translucent doors, tilp's ghost, amateur MeFi
D:6 1 runed translucent door, adozu's ghost, novice DsFi
D:7 Joseph


Innate Abilities, Weirdness & Mutations

You have a beak for a mouth.
You have claws for feet.
Your magical nature lets you fly swiftly and evasively.
You are partially covered in iridescent scales. (AC +2)
Your body sometimes deteriorates upon taking damage.
You are frail. (-10% HP)


Message History

An orc wizard comes into view. It is wielding a +1 dagger of venom.
The vampire barely misses you. The vampire bites you!
The vampire draws strength from your injuries!
Casting: Blink (safe; 14% risk of failure)
Confirm with . or Enter, or press ? or * to list all spells.
You blink. 3 orcs come into view.
Found a stone staircase leading up.
The orc shouts! x2
Found a quarterstaff.
Found a stone staircase leading up.
The vampire points at you and mumbles some strange words.
You are confused.
You feel stable enough to blink again.
You feel better.
The orc wizard casts a spell.
The orc wizard flickers and vanishes!
Deactivating autopickup; reactivate with Ctrl-A.
There is a stone staircase leading up here.
The orc hits you but does no damage.
You fly upwards.
You hear the roar of battle.
There is an entrance to a bailey on this level.
Hurry and find it before the portal closes forever!
The walls and floor vibrate strangely for a moment.
Level annotation: Joseph Reactivating autopickup.
Joseph shoots a sling bullet.
The sling bullet hits you!
There is a stone staircase leading down here.
The orc barely misses you.
You see here a +0 robe.
Joseph shoots a sling bullet.
The sling bullet hits you!
You hit the orc. You claw the orc.
You kill the orc!
Found an escape hatch in the floor.
Found 2 potions of curing.
Found a stone staircase leading down.
The orc warrior hits you from afar with a +0 glaive!!
* * * LOW HITPOINT WARNING * * *
The orc warrior misses you.
The orc warrior hits you from afar with a +0 glaive.
You die...

,,,,*,,*,,,,,,,*
,,,,,,,,**.#.#**
,,,,,,,,,,,....*
,,,,,,,,,,,,...*
,,,,,,,,**,,,..###
,,,,,,,,,,,,,,..>#
,,,,,,,,,,,,,,,..## ***
,,,,,***,,,***,#..###*.##
,,,,,**,,,,*####@...##..#
,,,,,*,,****#..##......!#
,,,,,,,,****##....o.##.##
,,,,,,,,**,**##...#z...##
,,,,,,,***,,**##..#.....#
,,,,,,** *,,,**#####z..###
,,,,,*****,,,,*****#@....#
,,,,,***,*,,*,,,,,,#.....#
,,,,,**,_,,*******,+.....#


You could see an orc warrior and 2 wights.

Vanquished Creatures
  A hornet (D:9)
  Sigmund (D:4)
  Menkaure (D:6)
  A sky beast (D:6)
  An orc warrior (D:9)
  An ice beast (D:5)
  2 ogres
  A centaur (D:6)
  2 phantoms
  Blork the orc (D:5)
  4 bullfrogs
  4 scorpions
  A gnoll sergeant (D:4)
  9 wights
  A howler monkey (D:9)
  4 jellies
  2 orc priests
  2 hounds
  3 orc wizards
  Natasha (thrice) (D:3)
  4 iguanas
  8 adders
  6 gnolls
  3 shadow imps
  2 ufetubi
  A worm (D:3)
  3 dart slugs
  26 orcs
  7 endoplasms
  2 giant cockroaches
  8 goblins
  10 hobgoblins
  2 jackals (D:5)
  5 kobolds
  2 quokkas
  5 ball pythons
  6 bats
  4 frilled lizards
  7 rats
156 creatures vanquished.

Vanquished Creatures (others)
  2 withered plants (D:6)
2 creatures vanquished.

Grand Total: 158 creatures vanquished

Notes
Turn   | Place    | Note
-------+----------+-------------------------------------------
     0 | D:1      | Leeroy the Tengu Warper began the quest for the Orb.
     0 | D:1      | Reached XP level 1. HP: 12/12 MP: 4/4
   212 | D:1      | Reached XP level 2. HP: 17/17 MP: 6/6
   215 | D:1      | Learned a level 2 spell: Blink
   234 | D:1      | Reached skill level 3 in Long Blades
   510 | D:1      | Reached XP level 3. HP: 21/21 MP: 7/7
   514 | D:1      | Found a faded altar of an unknown god.
  1012 | D:2      | Reached skill level 4 in Long Blades
  1104 | D:2      | Gained mutation: Your body sometimes deteriorates upon
                  | taking damage. [potion of mutation]
  1104 | D:2      | Gained mutation: You are frail. (-10% HP) [potion of
                  | mutation]
  1104 | D:2      | Gained mutation: You are partially covered in iridescent
                  | scales. (AC +2) [potion of mutation]
  1109 | D:2      | Reached XP level 4. HP: 13/23 MP: 8/8
  1654 | D:3      | Reached skill level 5 in Long Blades
  2216 | D:3      | Gained mutation: Your magical nature lets you fly swiftly
                  | and evasively. [Tengu growth]
  2216 | D:3      | Reached XP level 5. HP: 27/27 MP: 9/9
  2423 | D:4      | Noticed an ogre
  2501 | D:4      | Found a large runed translucent door.
  2501 | D:4      | Found a large runed translucent door.
  2519 | D:4      | Noticed Sigmund
  2537 | D:4      | Killed Sigmund
  2538 | D:4      | Reached skill level 7 in Long Blades
  2538 | D:4      | Reached XP level 6. HP: 11/31 MP: 10/10
  2674 | D:4      | Noticed Natasha
  2698 | D:3      | Killed Natasha
  2758 | D:3      | Noticed Natasha
  2769 | D:3      | Killed Natasha
  2808 | D:3      | Learned a level 3 spell: Vhi's Electric Charge
  2812 | D:3      | Learned a level 3 spell: Teleport Other
  3100 | D:3      | Noticed Natasha
  3111 | D:3      | Killed Natasha
  3205 | D:4      | Reached skill level 8 in Long Blades
  3205 | D:4      | Reached skill level 1 in Air Magic
  3205 | D:4      | Reached XP level 7. HP: 36/36 MP: 11/11
  3318 | D:4      | Identified the +2 ring mail of Sloth {Will- Str+3 Dex+5}
  3406 | D:4      | Found a large runed translucent door.
  3406 | D:4      | Found a large runed translucent door.
  3510 | D:5      | Entered Level 5 of the Dungeon
  3743 | D:5      | Reached skill level 9 in Long Blades
  3920 | D:5      | Reached XP level 8. HP: 39/39 MP: 8/12
  3955 | D:5      | Found a runed translucent gate.
  3956 | D:5      | Found a runed translucent gate.
  3959 | D:5      | Noticed tilp's ghost (amateur MeFi)
  3962 | D:5      | Found a runed translucent gate.
  4220 | D:5      | Reached skill level 10 in Long Blades
  4452 | D:6      | Noticed Blork the orc
  4472 | D:5      | Killed Blork the orc
  5316 | D:6      | Found a runed translucent door.
  5317 | D:6      | Reached skill level 11 in Long Blades
  5317 | D:6      | Noticed adozu's ghost (novice DsFi)
  5332 | D:6      | Reached skill level 5 in Air Magic
  5354 | D:6      | Noticed Menkaure
  5363 | D:6      | Killed Menkaure
  5364 | D:6      | Reached XP level 9. HP: 34/43 MP: 6/13
  6734 | D:4      | Reached skill level 12 in Long Blades
  6774 | D:4      | Identified the +2 pair of gloves "Cinnint" {+Blink Str+3}
  7158 | D:7      | Found a staircase to the Ecumenical Temple.
  7177 | Temple   | Entered the Ecumenical Temple
  7248 | Temple   | Became a worshipper of Hepliaklqana the Forgotten
  7387 | D:7      | Found a flagged portal.
  7437 | D:7      | Noticed Joseph
  7448 | D:7      | You are sucked into a shaft and drop 3 floors!
  7448 | D:10     | Entered Level 10 of the Dungeon
  7647 | D:9      | Noticed a hornet
  7662 | D:9      | Killed a hornet
  7663 | D:9      | Reached skill level 13 in Long Blades
  7818 | D:7      | HP: 2/43 [orc warrior/+0 glaive (18)]
  7820 | D:7      | Slain by an orc warrior

Illustrated notes

Levels and vault maps discovered:
D:1:      lightli_arrival_quake, layout_basic,
          chequers_ecumenical_altar_simple_redux
D:2:      layout_rooms, grunt_decor_fettered, minmay_misc_feat_secret_circle,
          serial_park_tiny_pond, chequers_serial_rivers_micro_e
D:3:      layout_rooms
D:4:      layout_rooms, minmay_hollow_rounded_squares, uniq_sigmund,
          uniq_natasha
D:5:      layout_loops_ring, gammafunk_ghost_split
D:6:      layout_layer_cave, gammafunk_ghost_grave, uniq_menkaure,
          uniq_blork_the_orc
D:7:      layout_cave_pools, old_standard_altar, nicolae_tso_swordbearing_angel,
          minmay_temple_entry_tees, enter_bailey_4, gammafunk_ghost_hive,
          minmay_manual_mares, uniq_joseph
D:8:      layout_cave_pods, mainiacjoe_overflow_boulevard, lair_entry_dummy,
          gammafunk_ghost_ooze, minivault_23, nicolae_specific_store, uniq_erica
D:9:      layout_long_grid
D:10:     layout_basic, minmay_protected_statue, uniq_erolcha
Temple:   compressed_dpeg_triangle_lava_temple

Skill      XL: |  1  2  3  4  5  6  7  8  9 |
---------------+----------------------------+-----
Long Blades    | 3 4 5 7 8 9 11 13 | 13.4
Air Magic      | 1 3 5 7 |  7.0
Fighting       | |  2.0
Throwing       | |  1.0
Armour         | |  1.1
Dodging        | |  2.1
Spellcasting   | |  2.0
Translocations | |  2.4

Action                   |  1- 3 |  4- 6 |  7- 9 || total
-------------------------+-------+-------+-------++-------
Melee: Falchion          |    81 |   128 |    91 ||   300
       Kick              |    14 |    25 |    81 ||   120
       Peck              |    11 |    21 |    47 ||    79
       Punch             |     1 |       |     2 ||     3
       Unarmed           |       |     2 |       ||     2
       Long sword        |       |       |    22 ||    22
       Scimitar          |       |       |   128 ||   128
Throw: Dart              |       |     8 |       ||     8
       Boomerang         |       |     1 |     1 ||     2
 Cast: Blink             |       |     2 |     5 ||     7
       Vhi's Electric Ch |       |     1 |    31 ||    32
Evoke: Wand              |       |       |     7 ||     7
  Use: Potion            |     4 |     2 |     6 ||    12
       Scroll            |       |     1 |    12 ||    13
 Stab: Sleeping          |     1 |       |     1 ||     2
Armor: Leather armour    |    17 |    34 |    48 ||    99
       Skin              |     7 |     9 |       ||    16
Dodge: Dodged            |    71 |    75 |   116 ||   262
Block: Buckler           |       |     8 |       ||     8

Table legend: (Time is in decaauts)
 A = Elapsed time spent in this place.
 B = Non-inter-level travel time spent in this place.
 C = Inter-level travel time spent in this place.
 D = Time resting spent in this place.
 E = Time spent auto-exploring this place.
 F = Levels seen in this place.
 G = Mean time per level.
                   A        B        C        D        E       F      G
               +--------+--------+--------+--------+--------+-----+--------+
         Total |   7500 |   7163 |    337 |   1118 |   4621 |  11 |  681.8 |
       Dungeon |   7352 |   7029 |    323 |   1118 |   4504 |  10 |  735.2 |
        Temple |    147 |    133 |     14 |      0 |    116 |   1 |  147.0 |
               +--------+--------+--------+--------+--------+-----+--------+

Top non-repeatable levels by time:
     D:6: 1561 daAuts
     D:5: 1456 daAuts
     D:3: 1166 daAuts
     D:4: 1078 daAuts
     D:1: 988 daAuts
     D:2: 589 daAuts
     D:7: 196 daAuts
    D:10: 154 daAuts
  Temple: 147 daAuts
     D:9: 92 daAuts
     D:8: 68 daAuts
